 Dungeon Crawl Stone Soup version 0.31-a0-325-g067879e3d3 (webtiles) character file.

Game seed: 3086588017819011423

50 Pooter the Trooper (level 3, 0/34 HPs)
             Began as a Minotaur Fighter on July 18, 2023.
             Slain by a gnoll
             ... wielding a +0 spear
              (4 damage)
             ... on level 2 of the Dungeon.
             The game lasted 00:03:49 (921 turns).

Pooter the Trooper (Minotaur Fighter)                Turns: 921, Time: 00:03:50

Health: 0/34       AC:  6    Str: 22    XL:     3   Next: 55%
Magic:  2/2        EV:  9    Int:  5    God:
Gold:   20         SH:  4    Dex:  9    Spells: 2/2 levels left

rFire   . . .        a - +0 war axe
rCold   . . .        c - +0 buckler
rNeg    . . .        b - +0 scale mail
rPois   .            (helmet restricted)
rElec   .            (no cloak)
rCorr   .            (no gloves)
SInv    .            (no boots)
Will    .....        (no amulet) Stlth
                     (no ring)
HPRegen 0.25/turn    (no ring)
MPRegen 0.08/turn

%: no passive effects
@: no status effects
A: horns 2, retaliatory headbutt
a: no special abilities


You were on level 2 of the Dungeon.
You visited 1 branch of the dungeon, and saw 2 of its levels.

You collected 20 gold pieces.

Inventory:

Hand Weapons
 a - a +0 war axe (weapon)
Missiles
 Q - 5 stones (quivered)
Armour
 b - a +0 scale mail (worn)
 c - a +0 buckler (worn)
Scrolls
 e - a scroll of butterflies {unknown}
 f - a scroll of poison {unknown}
 g - 3 scrolls of enchant armour {unknown}
 i - a scroll of identify {unknown}
Potions
 d - a potion of might
 h - a potion of haste {unknown}
 j - a potion of heal wounds {unknown}
 k - a potion of degeneration {unknown}


   Skills:
 + Level 4.3 Fighting
 * Level 4.2 Axes
 - Level 3.6 Armour
 - Level 3.6 Shields


You had 2 spell levels left.
You didn't know any spells.
Your spell library contained the following spells:

 Spells                   Type           Power      Damage    Failure   Level
 Vhi's Electric Charge    Tloc/Air       0%         N/A       99%         3
 Arcjolt                  Conj/Air       0%         1d10      100%        5
 Maxwell's Capacitive Co  Air            0%         ∞         100%        8


Dungeon Overview and Level Annotations

Branches:
Dungeon (2/15) Zot: 11010

Altars:


Innate Abilities, Weirdness & Mutations

You have a pair of horns on your head.
You reflexively headbutt those who attack you in melee.


Message History

You closely miss the hobgoblin. You headbutt the hobgoblin.
You kill the hobgoblin!
You have reached level 3!
Your experience leads to an increase in your attributes!
Increase (s)trength, (i)ntelligence, or (d)exterity?
You feel stronger. x2
A ball python and a rat come into view.
The ball python hisses angrily.
You closely miss the ball python. You hit the rat.
You block the ball python's attack. The ball python grabs you.
The ball python constricts you. The rat barely misses you.
You furiously retaliate!
You headbutt the rat!
You kill the rat!
You hit the ball python.
You kill the ball python! 2 gnolls come into view.
The gnoll shouts! x2
You throw a stone.
The stone hits the gnoll but does no damage.
A gnoll comes into view. It is wielding a +0 club.
A gnoll comes into view. It is wielding a +0 spear.
You throw a stone. The gnoll shouts!
The stone hits the gnoll but does no damage.
The gnoll throws a stone.
The stone hits you.
You throw a stone. The stone closely misses the gnoll.
The gnoll throws a stone.
The stone hits you. You block the gnoll's attack.
The gnoll hits you but does no damage. The gnoll hits you with a +0 whip.
The gnoll hits you with a +0 spear.
You barely miss the gnoll. You closely miss the gnoll. You slash the gnoll!
The gnoll barely misses you. The gnoll closely misses you.
You slash the gnoll! You closely miss the gnoll. You hit the gnoll.
You kill the gnoll!
The gnoll hits you from afar with a +0 spear!
* * * LOW HITPOINT WARNING * * *
The gnoll hits you with a +0 whip.
* * * LOW HITPOINT WARNING * * *
Your Axes skill increases to level 4!
You slash the gnoll!
You kill the gnoll!
You barely miss the gnoll. You block the gnoll's attack.
The gnoll hits you but does no damage.
The gnoll hits you from afar with a +0 spear!
* * * LOW HITPOINT WARNING * * *
The gnoll barely misses you. You furiously retaliate!
You headbutt the gnoll. You closely miss the gnoll.
You headbutt the gnoll, but do no damage.
The gnoll hits you from afar with a +0 spear.
You die...

...............######.#####
......##....#### #.#
......##..### #.#
..........# #.# #.<.......#
####.#
#........#########.##.#
#).................##.#####
................g).#......#
#.............g)@........##
#........##............###
#........##....#...#...#
.....#.##....###.#....##
#####... .#. #.##...# ..##
# #.#.....# .........
#.........


You could see 2 gnolls.

Vanquished Creatures
  2 gnolls (D:2)
  3 dart slugs (D:1)
  An endoplasm (D:1)
  2 goblins
  4 hobgoblins
  2 ball pythons
  3 bats (D:1)
  3 frilled lizards
  3 kobolds (D:1)
  4 rats
27 creatures vanquished.

Notes
Turn   | Place    | Note
-------+----------+-------------------------------------------
     0 | D:1      | Pooter the Minotaur Fighter began the quest for the Orb.
     0 | D:1      | Reached XP level 1. HP: 19/19 MP: 0/0
   152 | D:1      | Found a faded altar of an unknown god.
   231 | D:1      | Reached XP level 2. HP: 27/27 MP: 1/1
   881 | D:2      | Reached XP level 3. HP: 33/33 MP: 2/2
   921 | D:2      | Slain by a gnoll

Illustrated notes

Levels and vault maps discovered:
D:1:      dpeg_arrival_tiny_h, layout_basic, dreamdust_ecumenical_altar_grove,
          serial_bayou, serial_bayou_lake_a, serial_bayou_lagoon_a,
          serial_bayou_crossing, serial_bayou_pond_e, minmay_circled_x
D:2:      layout_rooms

Skill      XL: |  1  2  3 |
---------------+----------+-----
Axes           | 3 4 |  4.2
Fighting       | 4 |  4.3
Armour         | |  3.6
Shields        | |  3.6

Action                     || total
---------------------------++-------
  Melee: War axe           ||    38
         Headbutt          ||     6
  Throw: Stone             ||     4
 Armour: Scale mail        ||    17
  Dodge: Dodged            ||    20
  Block: Buckler           ||     9

Table legend: (Time is in decaauts)
 A = Elapsed time spent in this place.
 B = Non-inter-level travel time spent in this place.
 C = Inter-level travel time spent in this place.
 D = Time resting spent in this place.
 E = Time spent auto-exploring this place.
 F = Levels seen in this place.
 G = Mean time per level.
                   A        B        C        D        E       F      G
               +--------+--------+--------+--------+--------+-----+--------+
         Total |    988 |    978 |     10 |      0 |    806 |   2 |  494.0 |
       Dungeon |    988 |    978 |     10 |      0 |    806 |   2 |  494.0 |
               +--------+--------+--------+--------+--------+-----+--------+

Top non-repeatable levels by time:
     D:1: 934 daAuts
     D:2: 53 daAuts
